PA
MYRTLE BEACH SEAHAWKS @ IDAHO FALLS CHUKARS
08/08/2050
 
TOP OF THE 1ST
Myrtle Beach Seahawks batting - Pitching for Idaho Falls Chukars : RHP Jorge Zapata
Pitching: RHP Jorge Zapata
Batting: LHB Jason Melton 0-0: Called Strike
0-1: Ball
1-1: Ball
2-1: Fly out, F8 (Flyball, 8LS, EV 90.0 MPH)
Batting: LHB José Rosário 0-0: Ball
1-0: Ball
2-0: Called Strike
2-1: Ball
3-1: Foul Ball, location: 2F
3-2: Foul Ball, location: 2F
3-2: Foul Ball, location: 2F
3-2: Foul Ball, location: 2F
3-2: SINGLE (Line Drive, 89S, EV 103.1 MPH)
Batting: RHB Norberto Álvarez 0-0: Fly out, F9 (Line Drive, 89M, EV 94.4 MPH)
Batting: LHB Francisco León 0-0: Ball
1-0: Ball
2-0: Ball
3-0: Called Strike
3-1: Called Strike
3-2: Ground out U3 (Groundball, 3, EV 84.4 MPH)
Top of the 1st over - 0 runs, 1 hit, 0 errors, 1 left on base; Myrtle Beach 0 - Idaho Falls 0
BOTTOM OF THE 1ST
Idaho Falls Chukars batting - Pitching for Myrtle Beach Seahawks : RHP José Benítez
Pitching: RHP José Benítez
Batting: RHB Scott Miller 0-0: Called Strike
0-1: Ground out 6-3 (Groundball, 56, EV 99.4 MPH)
Batting: RHB Oliver Maisanaba 0-0: Ball
1-0: Foul Ball, location: 2F
1-1: Foul Ball, location: 2F
1-2: SINGLE (Line Drive, 56, EV 97.5 MPH)
Batting: LHB James Carroll 0-0: Foul Ball, location: 2F
0-1: Ball
1-1: Ball
2-1: Called Strike
2-2: Foul Ball, location: 2F
2-2: Strikes out swinging
Batting: RHB Colm Reyes 0-0: Fielders Choice at 2nd, 5-4 (Groundball, 56, EV 86.9 MPH)
Bottom of the 1st over - 0 runs, 1 hit, 0 errors, 1 left on base; Myrtle Beach 0 - Idaho Falls 0
TOP OF THE 2ND
Myrtle Beach Seahawks batting - Pitching for Idaho Falls Chukars : RHP Jorge Zapata
Batting: SHB Juan Castio 0-0: Called Strike
0-1: Ball
1-1: Ball
2-1: Foul Ball, location: 2F
2-2: Ball
3-2: Base on Balls
Batting: RHB Daniel Major 0-0: Ball
1-0: Ball
2-0: Foul Ball, location: 2F
2-1: Ball
3-1: Called Strike
3-2: Foul Ball, location: 2F
3-2: Strikes out swinging
Batting: RHB Herb Valentine 0-0: Foul Ball, location: 2F
0-1: Ball
1-1: Ball
2-1: Foul Ball, location: 2F
2-2: Foul Ball, location: 2F
2-2: Ball
3-2: Base on Balls
Juan Castio to second
Batting: RHB Ke-huy Dun 0-0: Foul Ball, location: 2F
0-1: Ball
Juan Castio steals 3rd base
Herb Valentine to second
1-1: Ball
2-1: SINGLE (Line Drive, 89S, EV 93.1 MPH)
Juan Castio scores
Herb Valentine to third
Runner from 3rd tries for Home, SAFE, throw by RF to home
Ke-huy Dun to second
Batting: SHB Tom White 0-0: Ball
1-0: Swinging Strike
1-1: Foul Ball, location: 2F
1-2: Foul Ball, location: 2F
1-2: Ball
2-2: Strikes out swinging
Batting: LHB Jason Melton 0-0: Ball
1-0: Ball
2-0: Ball
3-0: Base on Balls
Batting: LHB José Rosário 0-0: Called Strike
0-1: Called Strike
0-2: Ball
1-2: Strikes out swinging
Top of the 2nd over - 2 runs, 1 hit, 0 errors, 2 left on base; Myrtle Beach 2 - Idaho Falls 0
BOTTOM OF THE 2ND
Idaho Falls Chukars batting - Pitching for Myrtle Beach Seahawks : RHP José Benítez
Batting: RHB Chris Thompson 0-0: Ball
1-0: Called Strike
1-1: Called Strike
1-2: Strikes out swinging
Batting: LHB Zachary Glover 0-0: Ball
1-0: Ball
2-0: Foul Ball, location: 2F
2-1: Swinging Strike
2-2: Ball
3-2: Strikes out swinging
Batting: RHB Bao-tian Yang 0-0: Ball
1-0: Ball
2-0: Called Strike
2-1: Ball
3-1: Foul Ball, location: 2F
3-2: Fly out, F7 (Flyball, 7, EV 80.0 MPH)
Bottom of the 2nd over - 0 runs, 0 hits, 0 errors, 0 left on base; Myrtle Beach 2 - Idaho Falls 0
TOP OF THE 3RD
Myrtle Beach Seahawks batting - Pitching for Idaho Falls Chukars : RHP Jorge Zapata
Batting: RHB Norberto Álvarez 0-0: Called Strike
0-1: Foul Ball, location: 2F
0-2: SINGLE (Line Drive, 8LS, EV 108.1 MPH)
Batting: LHB Francisco León 0-0: Ball
1-0: DOUBLE (Line Drive, 78M, EV 95.0 MPH)
Norberto Álvarez to third
Runner from 3rd tries for Home, SAFE, throw by LF to trailing runner, SAFE at third!
Batting: SHB Juan Castio 0-0: Called Strike
0-1: Ball
1-1: Called Strike
1-2: Foul Ball, location: 2F
1-2: Ball
2-2: Fly out, F5 (Popup, 5L, EV 69.4 MPH)
Batting: RHB Daniel Major 0-0: Swinging Strike
0-1: Foul Ball, location: 2F
0-2: Ball
1-2: Foul Ball, location: 2F
1-2: Strikes out swinging
Batting: RHB Herb Valentine 0-0: Foul Ball, location: 2F
0-1: Swinging Strike
0-2: Ball
1-2: Ball
2-2: Foul Ball, location: 2F
2-2: Ground out 6-3 (Groundball, 6, EV 83.8 MPH)
Top of the 3rd over - 1 run, 2 hits, 0 errors, 1 left on base; Myrtle Beach 3 - Idaho Falls 0
BOTTOM OF THE 3RD
Idaho Falls Chukars batting - Pitching for Myrtle Beach Seahawks : RHP José Benítez
Batting: RHB Daniel Wagner 0-0: Ball
1-0: Foul Ball, location: 2F
1-1: Ball
2-1: Foul Ball, location: 2F
2-2: Strikes out looking
Batting: RHB Ken Woods 0-0: Ball
1-0: Ball
2-0: Called Strike
2-1: Foul Ball, location: 2F
2-2: Foul Ball, location: 2F
2-2: Strikes out swinging
Batting: RHB Scott Miller 0-0: Called Strike
0-1: Ball
1-1: Ground out 4-3 (Groundball, 4, EV 82.5 MPH)
Bottom of the 3rd over - 0 runs, 0 hits, 0 errors, 0 left on base; Myrtle Beach 3 - Idaho Falls 0
TOP OF THE 4TH
Myrtle Beach Seahawks batting - Pitching for Idaho Falls Chukars : RHP Jorge Zapata
Batting: RHB Ke-huy Dun 0-0: Ball
1-0: Ground out 5-3 (Groundball, 5L, EV 85.0 MPH)
Batting: SHB Tom White 0-0: Called Strike
0-1: Ball
1-1: Ball
2-1: DOUBLE (Flyball, 8RXD, EV 98.1 MPH)
Batting: LHB Jason Melton 0-0: Called Strike
0-1: Swinging Strike
0-2: Strikes out swinging, 2-3 out at first.
Batting: LHB José Rosário 0-0: Called Strike
0-1: Ball
1-1: Foul Ball, location: 2F
1-2: Foul Ball, location: 2F
1-2: Ball
2-2: Fly out, F7 (Flyball, 7, EV 96.2 MPH)
Top of the 4th over - 0 runs, 1 hit, 0 errors, 1 left on base; Myrtle Beach 3 - Idaho Falls 0
BOTTOM OF THE 4TH
Idaho Falls Chukars batting - Pitching for Myrtle Beach Seahawks : RHP José Benítez
Batting: RHB Oliver Maisanaba 0-0: SINGLE (Groundball, 34D, EV 103.8 MPH)
Batting: LHB James Carroll 0-0: Ball
1-0: Ball
2-0: Ball
3-0: Called Strike
3-1: Foul Ball, location: 2F
3-2: Foul Ball, location: 2F
3-2: Foul Ball, location: 2F
3-2: Base on Balls
Oliver Maisanaba to second
Batting: RHB Colm Reyes 0-0: Ball
1-0: Swinging Strike
1-1: Fly out, F9 (Flyball, 9LM, EV 86.9 MPH)
Batting: RHB Chris Thompson 0-0: Called Strike
0-1: Ball
1-1: Ball
2-1: Fly out, F8 (Flyball, 8RXD, EV 102.5 MPH)
Runner from 2nd tags up, SAFE at 3rd, no throw by CF
Batting: LHB Zachary Glover 0-0: Called Strike
0-1: Swinging Strike
0-2: Strikes out swinging
Bottom of the 4th over - 0 runs, 1 hit, 0 errors, 2 left on base; Myrtle Beach 3 - Idaho Falls 0
TOP OF THE 5TH
Myrtle Beach Seahawks batting - Pitching for Idaho Falls Chukars : RHP Jorge Zapata
Batting: RHB Norberto Álvarez 0-0: Called Strike
0-1: Ball
1-1: Foul Ball, location: 2F
1-2: Ball
2-2: Ball
3-2: Foul Ball, location: 2F
3-2: Fly out, F3 (Flyball, 3D, EV 83.8 MPH)
Pitching: RHP Ricardo Cortéz
Batting: LHB Francisco León 0-0: Ball
1-0: Ground out 3-1 (Groundball, 34S, EV 77.5 MPH)
Batting: SHB Juan Castio 0-0: Called Strike
0-1: Ball
1-1: Swinging Strike
1-2: Strikes out looking
Top of the 5th over - 0 runs, 0 hits, 0 errors, 0 left on base; Myrtle Beach 3 - Idaho Falls 0
BOTTOM OF THE 5TH
Idaho Falls Chukars batting - Pitching for Myrtle Beach Seahawks : RHP José Benítez
Batting: RHB Bao-tian Yang 0-0: Ball
1-0: Ball
2-0: Ball
3-0: Swinging Strike
3-1: Foul Ball, location: 2F
3-2: Strikes out swinging
Batting: RHB Daniel Wagner 0-0: Called Strike
0-1: Foul Ball, location: 2F
0-2: Ball
1-2: Ball
2-2: Reached on error, E5 (Groundball, 56, EV 86.9 MPH)
Batting: RHB Ken Woods 0-0: Ball
Daniel Wagner is caught stealing 2nd base 2-4
1-0: Ball
2-0: Called Strike
2-1: Ball
3-1: Foul Ball, location: 2F
3-2: Strikes out looking
Bottom of the 5th over - 0 runs, 0 hits, 1 error, 0 left on base; Myrtle Beach 3 - Idaho Falls 0
TOP OF THE 6TH
Myrtle Beach Seahawks batting - Pitching for Idaho Falls Chukars : RHP Ricardo Cortéz
Batting: RHB Daniel Major 0-0: Ball
1-0: Ball
2-0: Called Strike
2-1: Called Strike
2-2: SOLO HOME RUN (Flyball, 7LD, EV 98.1 MPH), Distance : 356 ft
Batting: RHB Herb Valentine 0-0: Called Strike
0-1: Ball
1-1: Called Strike
1-2: Fly out, F9 (Flyball, 9S, EV 84.4 MPH)
Batting: RHB Ke-huy Dun 0-0: Ball
1-0: Called Strike
1-1: Foul Ball, location: 2F
1-2: Fly out, F9 (Flyball, 9, EV 89.4 MPH)
Batting: SHB Tom White 0-0: Called Strike
0-1: Ball
1-1: Called Strike
1-2: Strikes out swinging
Top of the 6th over - 1 run, 1 hit, 0 errors, 0 left on base; Myrtle Beach 4 - Idaho Falls 0
BOTTOM OF THE 6TH
Idaho Falls Chukars batting - Pitching for Myrtle Beach Seahawks : RHP José Benítez
Pitching: RHP Héctor García
Batting: RHB Scott Miller 0-0: Foul Ball, location: 2F
0-1: Ball
1-1: Ball
2-1: Ball
3-1: Foul Ball, location: 2F
3-2: SINGLE (Groundball, P, EV 85.0 MPH) (infield hit)
Batting: RHB Oliver Maisanaba 0-0: Foul Ball, location: 2F
0-1: Ball
1-1: Ball
2-1: Ball
3-1: Foul Ball, location: 2F
3-2: Strikes out looking
Batting: LHB James Carroll 0-0: Foul Ball, location: 2F
0-1: Foul Ball, location: 2F
0-2: Ball
1-2: Strikes out looking
Batting: RHB Colm Reyes 0-0: Ball
1-0: Called Strike
1-1: Ball
2-1: Fly out, F5 (Line Drive, 5, EV 65.6 MPH)
Bottom of the 6th over - 0 runs, 1 hit, 0 errors, 1 left on base; Myrtle Beach 4 - Idaho Falls 0
TOP OF THE 7TH
Myrtle Beach Seahawks batting - Pitching for Idaho Falls Chukars : RHP Ricardo Cortéz
Batting: LHB Jason Melton 0-0: Called Strike
0-1: Called Strike
0-2: Ball
1-2: Foul Ball, location: 2F
1-2: Foul Ball, location: 2F
1-2: Ground out 5-3 (Groundball, 56, EV 86.2 MPH)
Batting: LHB José Rosário 0-0: Ball
1-0: Called Strike
1-1: Foul Ball, location: 2F
1-2: Ball
2-2: Ground out U3 (Groundball, 3L, EV 106.9 MPH)
Batting: RHB Norberto Álvarez 0-0: Ball
1-0: Foul Ball, location: 2F
1-1: Swinging Strike
1-2: Strikes out swinging
Top of the 7th over - 0 runs, 0 hits, 0 errors, 0 left on base; Myrtle Beach 4 - Idaho Falls 0
BOTTOM OF THE 7TH
Idaho Falls Chukars batting - Pitching for Myrtle Beach Seahawks : RHP Héctor García
Batting: RHB Chris Thompson 0-0: Ball
1-0: Ball
2-0: Ball
3-0: Base on Balls
Batting: LHB Zachary Glover 0-0: Ball
1-0: Called Strike
1-1: Ball
2-1: Foul Ball, location: 2F
2-2: Ball
3-2: Strikes out swinging
Chris Thompson is caught stealing 2nd base 2-6
Batter strikes out.
Batting: RHB Bao-tian Yang 0-0: Called Strike
0-1: Ball
1-1: DOUBLE (Groundball, 5L, EV 103.8 MPH)
Batting: RHB Daniel Wagner 0-0: Called Strike
0-1: Swinging Strike
0-2: Ground out 3-1 (Groundball, 34S, EV 90.6 MPH)
Bottom of the 7th over - 0 runs, 1 hit, 0 errors, 1 left on base; Myrtle Beach 4 - Idaho Falls 0
TOP OF THE 8TH
Myrtle Beach Seahawks batting - Pitching for Idaho Falls Chukars : RHP Ricardo Cortéz
Batting: LHB Francisco León 0-0: Ball
1-0: Called Strike
1-1: Called Strike
1-2: Ground out 4-3 (Groundball, 4S, EV 70.0 MPH)
Batting: SHB Juan Castio 0-0: Foul Ball, location: 2F
0-1: Foul Ball, location: 2F
0-2: Strikes out looking
Batting: RHB Daniel Major 0-0: Ball
1-0: Ball
2-0: Ball
3-0: Base on Balls
Batting: RHB Herb Valentine 0-0: Foul Ball, location: 2F
0-1: Ball
1-1: Called Strike
1-2: Strikes out looking
Top of the 8th over - 0 runs, 0 hits, 0 errors, 1 left on base; Myrtle Beach 4 - Idaho Falls 0
BOTTOM OF THE 8TH
Idaho Falls Chukars batting - Pitching for Myrtle Beach Seahawks : RHP Héctor García
Pinch Hitting: LHB Miguel Tobías 0-0: Ball
1-0: Swinging Strike
1-1: Fly out, F8 (Flyball, 8LD, EV 93.1 MPH)
Batting: RHB Scott Miller 0-0: Ball
1-0: Called Strike
1-1: Swinging Strike
1-2: Foul Ball, location: 2F
1-2: Ball
2-2: Foul Ball, location: 2F
2-2: Foul Ball, location: 2F
2-2: Foul Ball, location: 2F
2-2: Strikes out looking
Batting: RHB Oliver Maisanaba 0-0: Foul Ball, location: 2F
0-1: Called Strike
0-2: Ball
1-2: Ball
2-2: SINGLE (Groundball, 6D, EV 96.2 MPH)
Batting: LHB James Carroll 0-0: Fielders Choice at 2nd, 6-4 (Groundball, 6, EV 83.8 MPH)
Bottom of the 8th over - 0 runs, 1 hit, 0 errors, 1 left on base; Myrtle Beach 4 - Idaho Falls 0
TOP OF THE 9TH
Myrtle Beach Seahawks batting - Pitching for Idaho Falls Chukars : RHP Ricardo Cortéz
Pitching: LHP Karsten Lips
Now at SS: Ricardo Estrada
Batting: RHB Ke-huy Dun 0-0: Swinging Strike
0-1: Fly out, F6 (Popup, 6, EV 73.8 MPH)
Batting: SHB Tom White 0-0: Called Strike
0-1: Called Strike
0-2: Ball
1-2: Ball
2-2: Fly out, F9 (Flyball, 9D, EV 103.1 MPH)
Batting: LHB Jason Melton 0-0: Fly out, F5 (Popup, 5F, EV 70.6 MPH)
Top of the 9th over - 0 runs, 0 hits, 0 errors, 0 left on base; Myrtle Beach 4 - Idaho Falls 0
BOTTOM OF THE 9TH
Idaho Falls Chukars batting - Pitching for Myrtle Beach Seahawks : RHP Héctor García
Batting: RHB Colm Reyes 0-0: Foul Ball, location: 2F
0-1: Ball
1-1: SINGLE (Line Drive, 89S, EV 87.5 MPH)
Pitching: RHP Gil James
Batting: RHB Chris Thompson 0-0: Fly out, F7 (Flyball, 78M, EV 91.9 MPH)
Batting: LHB Zachary Glover 0-0: Ball
1-0: Foul Ball, location: 2F
1-1: Ball
2-1: Ball
3-1: Swinging Strike
3-2: Strikes out swinging
Batting: RHB Bao-tian Yang 0-0: Called Strike
0-1: Hit by Pitch
Colm Reyes to second
Batting: RHB Daniel Wagner 0-0: Fly out, F8 (Flyball, 8RD, EV 89.4 MPH)
Bottom of the 9th over - 0 runs, 1 hit, 0 errors, 2 left on base; Myrtle Beach 4 - Idaho Falls 0
Friday, March 31st , 2023 - OOTP Baseball 23.10 Build 110